cohdb
Replays
Latest Replays
All Replays
Popular Replays
Top Player Replays
Match Explorer
How It Works
Community
CoH3 Stats
Reddit
Sign in to upload your games and track your stats! →
Sign in with Steam
Match 41118779
Unlisted
Match 41118779
Overview
Messages
Build Orders
End
Scout Squad
Construct Barracks
Selects Heavy Weapons
1⁄4-ton 4x4 Truck
Riflemen Squad
Riflemen Squad
Riflemen Squad
Infantry Support Center
Construct Medical Station
Selects Assault Carriers
Construct Motor Pool
Construct Weapon Support Center
Selects Exchangeable Parts
M3 Assault Carrier
Grenade Package
M1918 Browning Automatic Rifles
Engineer Squad
Selects M2HB .50cal Heavy Machine Gun
M1919 Machine Gun Team
Advanced Logistics
Construct Tank Depot
Riflemen Squad
Construct Tank Depot
M4A1 Sherman Medium Tank
Engineer Squad
sierrakiloechonovembergolf
Morsezeichen
0
0
Comments
sign in to comment!
No comments posted yet!